Wild vs Avalanche

Created - 11 avril 2024 at 18:01

Goals
1 2 3 OT1 SO T
Wild 1 1 1 0 1 3
Avalanche 2 1 0 0 2 4
Shots
1 2 3 OT1 SO T
Wild 12 19 8 0 4 39
Avalanche 16 15 5 1 4 37

GoalsPenalties
1st period
1. Avalanche , Zach Parise 12 (Gustav Nyquist 20, Nicolas Roy 28) at 0:32
2. Avalanche , Adam Henrique 22 (Ivan Barbashev 21, Samuel Girard 14) at 5:02
3. Wild , Patrice Bergeron 33 (Ryan Nugent-Hopkins 53) at 10:03
2nd period
4. Wild , Adrian Kempe 20 (William Nylander 44) at 0:34
5. Avalanche , Ilya Mikheyev 19 (Sean Durzi 14, Nino Niederreiter 28) at 4:40 (PP)
Mario Ferraro (MIW) for High sticking (Minor) at 4:24
3rd period
6. Wild , Jack Eichel 19 (Kevin Stenlund 10, Kevin Shattenkirk 20) at 3:24
Overtime #1
No Goal
Shootout
Wild, Ryan Nugent-Hopkins - Goal!
Avalanche, Gustav Nyquist - Goal!
Wild, Patrice Bergeron - Stopped by Vitek Vanecek
Avalanche, Matt Roy - Shot Misses the Net
Wild, William Nylander - Shot Misses the Net
Avalanche, Mathieu Joseph - Stopped by James Reimer
Wild, Brad Marchand - Stopped by Vitek Vanecek
Avalanche, Zach Parise - Goal!
Goalie Stats
James Reimer (MIW), 34 saves from 37 shots - (0,919), OTL, 9-8-1, 65:00 minutes
Vitek Vanecek (COL), 36 saves from 39 shots - (0,923), W, 29-14-4, 65:00 minutes
3 StarsOfficial
1 - Jack Eichel (MIW)
2 - Patrice Bergeron (MIW)
3 - Zach Parise (COL)
Referees : Furman South and Brandon Schrader
Linesman : Matt MacPherson and Steve Barton
Game Note
No Game Note
Finance
Level 1 -- Attendance: 6000 (100,00%) -- Ticket Income $600,000
Level 2 -- Attendance: 4172 (83,44%) -- Ticket Income $292,040
Level 3 -- Attendance: 1349 (67,45%) -- Ticket Income $63,403
Level 4 -- Attendance: 2237 (55,93%) -- Ticket Income $78,295
Luxury Box -- Attendance: 1000 (100,00%) -- Ticket Income $160,000
Game was played at the Pepsi Center.
Total Attendance: 14758 (81,99%)
Total Ticket Income: $1,193,738
Other Income: $584,932
Total Income: $1,778,670



Team Name Goals Shots Shots Attemp Shots Blocked PIM HIT PP PK FO%
Wild 3397192230 / 0 (0,00%163%
Avalanche 43764140161 / 1 (100%)038%

Wild
Player Name POS G A P +/- PIM HIT SHT SB MP PP MP PP SHT PK MP PK SHT FO% FOT GA TA
Adrian KempeLW/RW101-1032017:050:0000:0000% 131
Alex DeBrincatLW/RW0000023015:120:0000:0000% 000
Brad MarchandLW/RW0001014021:450:0000:0000% 110
Brandon CarloD0000015219:170:0000:1600% 002
Brayden McNabbD000-1001126:180:0000:1600% 004
Devon ToewsD000-1041126:510:0000:0000% 001
Elias LindholmC/RW000-1011017:140:0000:16067% 1210
Jack EichelC/RW101101309:330:0000:0000% 000
Joe PavelskiC/LW/RW0000001014:300:0000:00047% 1500
Kevin ShattenkirkD0110010220:360:0000:0000% 001
Kevin StenlundC/RW011102109:300:0000:16075% 410
Kirill MarchenkoRW0000011014:300:0000:000100% 200
Mario FerraroD0002210015:580:0000:0000% 000
Mark GiordanoD0002011315:590:0000:0000% 001
Patrice BergeronC1011015022:000:0000:00076% 1712
Ryan Nugent-HopkinsC/LW0111015022:020:0000:00067% 320
William NylanderC/LW/RW011-1012017:090:0000:0000% 112
Yakov TreninC/LW000101309:140:0000:0000% 000
Avalanche
Player Name POS G A P +/- PIM HIT SHT SB MP PP MP PP SHT PK MP PK SHT FO% FOT GA TA
Adam HenriqueC/LW/RW1010003017:480:0000:00045% 1120
Andrew CoppC/LW000000009:340:0000:0000% 100
Brayden PointC/LW/RW000-1003018:520:1610:00050% 1850
Eric StaalC/LW000002008:050:0000:000100% 100
Gustav ForslingD000-1013124:200:0920:0000% 001
Gustav NyquistLW/RW0110015017:230:0000:0000% 011
Ilya MikheyevLW/RW101-1005016:560:1610:0000% 210
Ivan BarbashevC/LW0110002018:070:0000:0000% 200
Jake SandersonD000-2020123:310:0700:0000% 001
Josh AndersonLW/RW0000021119:200:0000:0000% 620
Mathieu JosephC/LW/RW000000108:050:0000:0000% 000
Matt RoyD0000002017:580:0000:0000% 000
Nicolas RoyC/RW0110014018:240:0000:00046% 1301
Nino NiederreiterLW/RW011-1053118:370:1610:0000% 210
Ryan McDonaghD0001000220:570:0000:0000% 004
Samuel GirardD011-1010419:030:0900:0000% 001
Sean DurziD0111001419:110:0700:0000% 021
Zach PariseLW/RW1010014018:490:0000:0000% 000

Wild

5 vs 5 Forward
Line #Left WingCenterRight WingPHYDFOFWanted %Time %Time Play
1Ryan Nugent-HopkinsPatrice BergeronBrad Marchand0233534%20:25
2William NylanderElias LindholmAdrian Kempe0142726%15:35
3Alex DeBrincatJoe PavelskiKirill Marchenko0232524%14:30
4Yakov TreninKevin StenlundJack Eichel1311315%9:14
5 vs 5 Defense
Line #DefenseDefensePHYDFOFWanted %Time %Time Play
1Devon ToewsBrayden McNabb0234036%21:39
2Brandon CarloKevin Shattenkirk0233032%19:01
3Mario FerraroMark Giordano1222527%15:59
4Devon ToewsBrayden McNabb02355%3:05
Power Play Forward
Line #Left WingCenterRight WingPHYDFOFWanted %Time %Time Play
1William NylanderPatrice BergeronRyan Nugent-Hopkins005600%0:00
2Brad MarchandJoe PavelskiAlex DeBrincat005400%0:00
Power Play Defense
Line #DefenseDefensePHYDFOFWanted %Time %Time Play
1Devon ToewsElias Lindholm014600%0:00
2Kevin ShattenkirkAdrian Kempe014400%0:00
Penalty Kill 4 Players Forward
Line #CenterWingPHYDFOFWanted %Time %Time Play
1Elias LindholmKevin Stenlund05060100%0:16
2Ryan Nugent-HopkinsYakov Trenin050400%0:00
Penalty Kill 4 Players Defense
Line #DefenseDefensePHYDFOFWanted %Time %Time Play
1Mario FerraroBrandon Carlo14060100%0:16
2Brayden McNabbDevon Toews050400%0:00
Penalty Kill 3 Players
Line #WingPHYDFOFWanted %Time %Time PlayDefenseDefensePHYDFOFWanted %Time %Time Play
1Kevin Stenlund140600%0:00 Mario FerraroBrandon Carlo050600%0:00
2Yakov Trenin140400%0:00 Brayden McNabbDevon Toews050400%0:00
4 vs 4 Forward
Line #CenterWingPHYDFOFWanted %Time %Time Play
1Ryan Nugent-HopkinsWilliam Nylander122600%0:00
2Patrice BergeronBrad Marchand122400%0:00
4 vs 4 Defense
Line #DefensePHYDFOFWanted %Time %Time Play
1Devon ToewsBrayden McNabb122600%0:00
2Kevin ShattenkirkMario Ferraro122400%0:00
Last Minutes Offensive
Left WingCenterRight WingDefenseDefense
William NylanderPatrice BergeronBrad MarchandDevon ToewsMario Ferraro
Last Minutes Defensive
Left WingCenterRight WingDefenseDefense
Ryan Nugent-HopkinsPatrice BergeronKevin StenlundBrandon CarloBrayden McNabb
Time
Total ForwardTotal DefenseLast Minutes OffensiveLast Minutes Defensive
60:00 60:00 0:000:00
Extra Forwards
Normal PowerPlayPenalty Kill
Adrian Kempe, Elias Lindholm, Alex DeBrincatAdrian Kempe, Elias LindholmAdrian Kempe
Extra Defensemen
Normal PowerPlayPenalty Kill
Mario Ferraro, Kevin Shattenkirk, Devon ToewsMario Ferraro, Mario FerraroBrayden McNabb
Penalty Shots
Ryan Nugent-Hopkins, Patrice Bergeron, William Nylander, Brad Marchand, Adrian Kempe
Goalie
James Reimer, Jake Oettinger
Custom OT Lines Forwards
Ryan Nugent-Hopkins, Patrice Bergeron, William Nylander, Brad Marchand, Adrian Kempe, Elias Lindholm, Alex DeBrincat, Jack Eichel, Kirill Marchenko, Yakov Trenin
Custom OT Lines Defensemen
Devon Toews, Kevin Shattenkirk, Brayden McNabb, Mario Ferraro, Mark Giordano
Scratches
Chris Tierney (Healthy)

Avalanche

5 vs 5 Forward
Line #Left WingCenterRight WingPHYDFOFWanted %Time %Time Play
1Ivan BarbashevAdam HenriqueJosh Anderson0413030%18:06
2Gustav NyquistNicolas RoyZach Parise0233028%16:53
3Ilya MikheyevBrayden PointNino Niederreiter0233028%16:40
4Eric StaalAndrew CoppMathieu Joseph0321014%8:05
5 vs 5 Defense
Line #DefenseDefensePHYDFOFWanted %Time %Time Play
1Ryan McDonaghSean Durzi0413032%19:04
2Matt RoyGustav Forsling0323030%17:58
3Jake SandersonSamuel Girard0323030%18:06
4Jake SandersonGustav Forsling032108%4:36
Power Play Forward
Line #Left WingCenterRight WingPHYDFOFWanted %Time %Time Play
1Ilya MikheyevBrayden PointNino Niederreiter01452100%0:16
2Zach PariseAdam HenriqueJosh Anderson014480%0:00
Power Play Defense
Line #DefenseDefensePHYDFOFWanted %Time %Time Play
1Gustav ForslingSamuel Girard0235256%0:09
2Sean DurziJake Sanderson0234844%0:07
Penalty Kill 4 Players Forward
Line #CenterWingPHYDFOFWanted %Time %Time Play
1Andrew CoppMathieu Joseph041550%0:00
2Nicolas RoyEric Staal041450%0:00
Penalty Kill 4 Players Defense
Line #DefenseDefensePHYDFOFWanted %Time %Time Play
1Ryan McDonaghGustav Forsling041550%0:00
2Jake SandersonSamuel Girard041450%0:00
Penalty Kill 3 Players
Line #WingPHYDFOFWanted %Time %Time PlayDefenseDefensePHYDFOFWanted %Time %Time Play
1Nicolas Roy050550%0:00 Ryan McDonaghGustav Forsling050550%0:00
2Andrew Copp050450%0:00 Jake SandersonSamuel Girard050450%0:00
4 vs 4 Forward
Line #CenterWingPHYDFOFWanted %Time %Time Play
1Brayden PointIlya Mikheyev023600%0:00
2Adam HenriqueJosh Anderson023400%0:00
4 vs 4 Defense
Line #DefensePHYDFOFWanted %Time %Time Play
1Ryan McDonaghGustav Forsling032600%0:00
2Jake SandersonSamuel Girard131400%0:00
Last Minutes Offensive
Left WingCenterRight WingDefenseDefense
Brayden PointAdam HenriqueIlya MikheyevRyan McDonaghGustav Forsling
Last Minutes Defensive
Left WingCenterRight WingDefenseDefense
Mathieu JosephAndrew CoppZach PariseRyan McDonaghGustav Forsling
Time
Total ForwardTotal DefenseLast Minutes OffensiveLast Minutes Defensive
60:00 60:00 0:000:00
Extra Forwards
Normal PowerPlayPenalty Kill
Nicolas Roy, Andrew Copp, Ivan BarbashevNicolas Roy, Andrew CoppNicolas Roy
Extra Defensemen
Normal PowerPlayPenalty Kill
Samuel Girard, Sean Durzi, Matt RoySamuel Girard, Samuel GirardSean Durzi
Penalty Shots
Gustav Nyquist, Matt Roy, Mathieu Joseph, Zach Parise, Brayden Point
Goalie
Vitek Vanecek, Thatcher Demko
Custom OT Lines Forwards
Brayden Point, Zach Parise, Josh Anderson, Nino Niederreiter, Nicolas Roy, Andrew Copp, Ivan Barbashev, Gustav Nyquist, Ilya Mikheyev, Mathieu Joseph
Custom OT Lines Defensemen
Ryan McDonagh, Gustav Forsling, Jake Sanderson, Samuel Girard, Sean Durzi
Scratches
Mason Appleton (Healthy), Juuso Parssinen (Healthy)


Play-by-Play

1st period


0:01 of 1st period - Patrice Bergeron wins face-off versus Adam Henrique in neutral zone.
0:04 of 1st period - Slapshot by Ryan Nugent-Hopkins.
0:04 of 1st period - Shot Misses the Net.
0:30 of 1st period - Slapshot by Gustav Nyquist.
0:30 of 1st period - Stopped by James Reimer with a rebound.
0:32 of 1st period - Wrist shot by Zach Parise.
0:32 of 1st period - Goal by Zach Parise - Wild : 0 - Avalanche : 1.
0:33 of 1st period - Joe Pavelski wins face-off versus Ilya Mikheyev in neutral zone.
0:50 of 1st period - Matt Roy is hit by Kevin Shattenkirk and loses puck.
1:51 of 1st period - Wrist shot by Jake Sanderson.
1:51 of 1st period - Deflect By Adam Henrique.
1:51 of 1st period - Shot Blocked by Mark Giordano.
1:51 of 1st period - Puck is out of play.
1:52 of 1st period - Patrice Bergeron wins face-off versus Josh Anderson in Wild zone.
2:07 of 1st period - Slapshot by Adam Henrique.
2:07 of 1st period - Stopped by James Reimer without a rebound.
2:08 of 1st period - Brayden Point wins face-off versus Joe Pavelski in Wild zone.
2:21 of 1st period - Snap shot by Ilya Mikheyev.
2:21 of 1st period - Stopped by James Reimer without a rebound.
2:22 of 1st period - Nicolas Roy wins face-off versus Elias Lindholm in Wild zone.
2:56 of 1st period - Wrist shot by Brad Marchand.
2:56 of 1st period - Stopped by Vitek Vanecek with a rebound.
3:02 of 1st period - Brayden McNabb is hit by Nino Niederreiter and loses puck.
3:36 of 1st period - Snap shot by Brad Marchand.
3:36 of 1st period - Stopped by Vitek Vanecek with a rebound.
3:38 of 1st period - Slapshot by Mark Giordano.
3:38 of 1st period - Shot Misses the Net.
3:57 of 1st period - Icing by Mario Ferraro.
3:58 of 1st period - Patrice Bergeron wins face-off versus Josh Anderson in Wild zone.
4:03 of 1st period - Jake Sanderson is hit by Brad Marchand and loses puck.
4:08 of 1st period - Snap shot by Ryan Nugent-Hopkins.
4:08 of 1st period - Stopped by Vitek Vanecek without a rebound.
4:09 of 1st period - Nicolas Roy wins face-off versus Joe Pavelski in Avalanche zone.
4:34 of 1st period - Zach Parise is hit by Kevin Stenlund and loses puck.
5:02 of 1st period - Wrist shot by Adam Henrique.
5:02 of 1st period - Goal by Adam Henrique - Wild : 0 - Avalanche : 2.
5:03 of 1st period - Joe Pavelski wins face-off versus Brayden Point in neutral zone.
5:08 of 1st period - Snap shot by Joe Pavelski.
5:08 of 1st period - Shot Misses the Net.
5:10 of 1st period - Slapshot by Brayden McNabb.
5:10 of 1st period - Shot Blocked by Gustav Forsling.
5:34 of 1st period - Snap shot by Josh Anderson.
5:34 of 1st period - Stopped by James Reimer with a rebound.
5:36 of 1st period - Wrist shot by Matt Roy.
5:36 of 1st period - Stopped by James Reimer without a rebound.
5:37 of 1st period - Elias Lindholm wins face-off versus Adam Henrique in Wild zone.
5:42 of 1st period - Snap shot by Adrian Kempe.
5:42 of 1st period - Shot Blocked by Ryan McDonagh.
5:44 of 1st period - Slapshot by Brandon Carlo.
5:44 of 1st period - Stopped by Vitek Vanecek with a rebound.
5:46 of 1st period - Slapshot by Brandon Carlo.
5:46 of 1st period - Stopped by Vitek Vanecek without a rebound.
5:47 of 1st period - Elias Lindholm wins face-off versus Brayden Point in Avalanche zone.
5:50 of 1st period - Wrist shot by William Nylander.
5:50 of 1st period - Shot Misses the Net.
5:56 of 1st period - Elias Lindholm is hit by Nino Niederreiter and loses puck.
6:03 of 1st period - Wrist shot by Ilya Mikheyev.
6:03 of 1st period - Shot Blocked by Kevin Shattenkirk.
6:13 of 1st period - Snap shot by Joe Pavelski.
6:13 of 1st period - Stopped by Vitek Vanecek without a rebound.
6:14 of 1st period - Joe Pavelski wins face-off versus Adam Henrique in Avalanche zone.
6:23 of 1st period - Slapshot by Alex DeBrincat.
6:23 of 1st period - Stopped by Vitek Vanecek without a rebound.
6:24 of 1st period - Nicolas Roy wins face-off versus Kevin Stenlund in Avalanche zone.
6:54 of 1st period - Wrist shot by Brad Marchand.
6:54 of 1st period - Shot Misses the Net.
6:56 of 1st period - Slapshot by Brayden McNabb.
6:56 of 1st period - Stopped by Vitek Vanecek without a rebound.
6:57 of 1st period - Patrice Bergeron wins face-off versus Brayden Point in Avalanche zone.
7:33 of 1st period - Ivan Barbashev is hit by Alex DeBrincat and loses puck.
7:48 of 1st period - Jake Sanderson is hit by Adrian Kempe and loses puck.
7:53 of 1st period - Snap shot by Elias Lindholm.
7:53 of 1st period - Stopped by Vitek Vanecek with a rebound.
8:15 of 1st period - Brayden Point is hit by Devon Toews.
9:23 of 1st period - Snap shot by Adrian Kempe.
9:23 of 1st period - Stopped by Vitek Vanecek with a rebound.
9:49 of 1st period - Snap shot by Elias Lindholm.
9:49 of 1st period - Shot Blocked by Sean Durzi.
9:51 of 1st period - Slapshot by Devon Toews.
9:51 of 1st period - Stopped by Vitek Vanecek without a rebound.
9:52 of 1st period - Patrice Bergeron wins face-off versus Nicolas Roy in Avalanche zone.
10:03 of 1st period - Snap shot by Patrice Bergeron.
10:03 of 1st period - Goal by Patrice Bergeron - Wild : 1 - Avalanche : 2.
10:04 of 1st period - Adam Henrique wins face-off versus Brad Marchand in neutral zone.
11:13 of 1st period - Kirill Marchenko is hit by Eric Staal and loses puck.
11:54 of 1st period - Gustav Nyquist is hit by Devon Toews and loses puck.
12:17 of 1st period - Backhand shot by Jack Eichel.
12:17 of 1st period - Shot Misses the Net.
12:41 of 1st period - Icing by Mario Ferraro.
12:42 of 1st period - Eric Staal wins face-off versus Patrice Bergeron in Wild zone.
12:47 of 1st period - Wrist shot by Andrew Copp.
12:47 of 1st period - Shot Misses the Net.
13:07 of 1st period - Mark Giordano is hit by Josh Anderson and loses puck.
14:04 of 1st period - Snap shot by Zach Parise.
14:04 of 1st period - Stopped by James Reimer without a rebound.
14:05 of 1st period - Adam Henrique wins face-off versus Joe Pavelski in Wild zone.
14:06 of 1st period - Snap shot by Josh Anderson.
14:06 of 1st period - Shot Misses the Net.
14:35 of 1st period - Ilya Mikheyev is hit by Yakov Trenin.
14:41 of 1st period - Snap shot by Brayden Point.
14:41 of 1st period - Stopped by James Reimer with a rebound.
14:43 of 1st period - Snap shot by Ilya Mikheyev.
14:43 of 1st period - Stopped by James Reimer without a rebound.
14:44 of 1st period - Patrice Bergeron wins face-off versus Nicolas Roy in Wild zone.
15:38 of 1st period - Snap shot by Mathieu Joseph.
15:38 of 1st period - Shot Misses the Net.
15:54 of 1st period - Jack Eichel is hit by Nino Niederreiter and loses puck.
17:10 of 1st period - Snap shot by Brayden Point.
17:10 of 1st period - Stopped by James Reimer with a rebound.
17:14 of 1st period - Slapshot by Nino Niederreiter.
17:14 of 1st period - Stopped by James Reimer with a rebound.
17:36 of 1st period - Snap shot by Josh Anderson.
17:36 of 1st period - Shot Misses the Net.
17:38 of 1st period - Snap shot by Adam Henrique.
17:38 of 1st period - Deflect By Ivan Barbashev.
17:38 of 1st period - Stopped by James Reimer without a rebound.
17:39 of 1st period - Nicolas Roy wins face-off versus Ryan Nugent-Hopkins in Wild zone.
18:06 of 1st period - Jake Sanderson is hit by Mario Ferraro and loses puck.
18:37 of 1st period - Off-side.
18:38 of 1st period - Nicolas Roy wins face-off versus Patrice Bergeron in neutral zone.
18:45 of 1st period - Slapshot by Nicolas Roy.
18:45 of 1st period - Shot Misses the Net.
18:47 of 1st period - Snap shot by Nicolas Roy.
18:47 of 1st period - Stopped by James Reimer without a rebound.
18:48 of 1st period - Patrice Bergeron wins face-off versus Nicolas Roy in Wild zone.
19:01 of 1st period - Devon Toews is hit by Zach Parise and loses puck.
19:08 of 1st period - Slapshot by Nicolas Roy.
19:08 of 1st period - Stopped by James Reimer with a rebound.
19:10 of 1st period - Slapshot by Zach Parise.
19:10 of 1st period - Shot Misses the Net.
19:12 of 1st period - Snap shot by Zach Parise.
19:12 of 1st period - Stopped by James Reimer with a rebound.
Goals for this period are 1 for Wild vs 2 for Avalanche.
Shots for this period are 12 for Wild vs 16 for Avalanche.

2nd period


0:01 of 2nd period - Adam Henrique wins face-off versus Joe Pavelski in neutral zone.
0:13 of 2nd period - Jake Sanderson is hit by Alex DeBrincat and loses puck.
0:34 of 2nd period - Wrist shot by Adrian Kempe.
0:34 of 2nd period - Goal by Adrian Kempe - Wild : 2 - Avalanche : 2.
0:35 of 2nd period - Brayden Point wins face-off versus Joe Pavelski in neutral zone.
0:46 of 2nd period - Snap shot by Joe Pavelski.
0:46 of 2nd period - Shot Blocked by Samuel Girard.
0:48 of 2nd period - Wrist shot by Kirill Marchenko.
0:48 of 2nd period - Stopped by Vitek Vanecek with a rebound.
0:50 of 2nd period - Snap shot by Brandon Carlo.
0:50 of 2nd period - Stopped by Vitek Vanecek with a rebound.
1:48 of 2nd period - Mario Ferraro is hit by Nino Niederreiter.
2:14 of 2nd period - Backhand shot by Adam Henrique.
2:14 of 2nd period - Shot Misses the Net.
2:36 of 2nd period - Snap shot by Mathieu Joseph.
2:36 of 2nd period - Stopped by James Reimer with a rebound.
3:18 of 2nd period - Wrist shot by Yakov Trenin.
3:18 of 2nd period - Stopped by Vitek Vanecek without a rebound.
3:19 of 2nd period - Joe Pavelski wins face-off versus Ivan Barbashev in Avalanche zone.
3:54 of 2nd period - Snap shot by Brad Marchand.
3:54 of 2nd period - Shot Misses the Net.
4:08 of 2nd period - Wrist shot by Nino Niederreiter.
4:08 of 2nd period - Shot Misses the Net.
4:10 of 2nd period - Snap shot by Gustav Nyquist.
4:10 of 2nd period - Shot Hit the Post.
4:12 of 2nd period - Wrist shot by Nicolas Roy.
4:12 of 2nd period - Shot Misses the Net.
4:14 of 2nd period - Snap shot by Nicolas Roy.
4:14 of 2nd period - Stopped by James Reimer with a rebound.
4:24 of 2nd period - Minor Penalty to Mario Ferraro for High sticking.
4:25 of 2nd period - Brayden Point wins face-off versus Elias Lindholm in Wild zone.
4:26 of 2nd period - Snap shot by Nino Niederreiter.
4:26 of 2nd period - Shot Misses the Net.
4:28 of 2nd period - Slapshot by Gustav Forsling.
4:28 of 2nd period - Stopped by James Reimer with a rebound.
4:30 of 2nd period - Slapshot by Gustav Forsling.
4:30 of 2nd period - Stopped by James Reimer with a rebound.
4:32 of 2nd period - Snap shot by Nino Niederreiter.
4:32 of 2nd period - Shot Blocked by Brandon Carlo.
4:34 of 2nd period - Wrist shot by Brayden Point.
4:34 of 2nd period - Stopped by James Reimer with a rebound.
4:36 of 2nd period - Snap shot by Nino Niederreiter.
4:36 of 2nd period - Stopped by James Reimer with a rebound.
4:38 of 2nd period - Backhand shot by Sean Durzi.
4:38 of 2nd period - Shot Blocked by Brandon Carlo.
4:40 of 2nd period - Wrist shot by Ilya Mikheyev.
4:40 of 2nd period - Goal by Ilya Mikheyev - Wild : 2 - Avalanche : 3.
4:41 of 2nd period - Adam Henrique wins face-off versus Patrice Bergeron in neutral zone.
5:29 of 2nd period - Slapshot by Nicolas Roy.
5:29 of 2nd period - Stopped by James Reimer without a rebound.
5:30 of 2nd period - Elias Lindholm wins face-off versus Nicolas Roy in Wild zone.
5:43 of 2nd period - Wrist shot by Gustav Nyquist.
5:43 of 2nd period - Stopped by James Reimer with a rebound.
5:45 of 2nd period - Slapshot by Matt Roy.
5:45 of 2nd period - Stopped by James Reimer with a rebound.
6:01 of 2nd period - Wrist shot by Ryan Nugent-Hopkins.
6:01 of 2nd period - Stopped by Vitek Vanecek with a rebound.
6:05 of 2nd period - Wrist shot by Ryan Nugent-Hopkins.
6:05 of 2nd period - Deflect By Patrice Bergeron.
6:05 of 2nd period - Stopped by Vitek Vanecek with a rebound.
6:07 of 2nd period - Slapshot by Brandon Carlo.
6:07 of 2nd period - Stopped by Vitek Vanecek with a rebound.
6:09 of 2nd period - Slapshot by Brandon Carlo.
6:09 of 2nd period - Shot Misses the Net.
6:39 of 2nd period - Andrew Copp is hit by Devon Toews and loses puck.
7:34 of 2nd period - Wrist shot by Ryan Nugent-Hopkins.
7:34 of 2nd period - Stopped by Vitek Vanecek without a rebound.
7:35 of 2nd period - Brayden Point wins face-off versus Joe Pavelski in Avalanche zone.
8:00 of 2nd period - Snap shot by William Nylander.
8:00 of 2nd period - Stopped by Vitek Vanecek without a rebound.
8:01 of 2nd period - Elias Lindholm wins face-off versus Adam Henrique in Avalanche zone.
8:10 of 2nd period - Wrist shot by Ivan Barbashev.
8:10 of 2nd period - Shot Misses the Net.
8:34 of 2nd period - Wrist shot by Ryan Nugent-Hopkins.
8:34 of 2nd period - Shot Misses the Net.
8:36 of 2nd period - Slapshot by Mario Ferraro.
8:36 of 2nd period - Shot Misses the Net.
8:38 of 2nd period - Wrist shot by Mark Giordano.
8:38 of 2nd period - Stopped by Vitek Vanecek without a rebound.
8:39 of 2nd period - Joe Pavelski wins face-off versus Adam Henrique in Avalanche zone.
9:04 of 2nd period - Brad Marchand is hit by Nino Niederreiter and loses puck.
9:41 of 2nd period - Icing by Samuel Girard.
9:42 of 2nd period - Ryan Nugent-Hopkins wins face-off versus Nicolas Roy in Avalanche zone.
9:49 of 2nd period - Wrist shot by Ryan Nugent-Hopkins.
9:49 of 2nd period - Stopped by Vitek Vanecek without a rebound.
9:50 of 2nd period - Ryan Nugent-Hopkins wins face-off versus Josh Anderson in Avalanche zone.
10:31 of 2nd period - Snap shot by Patrice Bergeron.
10:31 of 2nd period - Stopped by Vitek Vanecek with a rebound.
10:33 of 2nd period - Backhand shot by Patrice Bergeron.
10:33 of 2nd period - Stopped by Vitek Vanecek with a rebound.
10:35 of 2nd period - Wrist shot by Ryan Nugent-Hopkins.
10:35 of 2nd period - Deflect By Brad Marchand.
10:35 of 2nd period - Stopped by Vitek Vanecek without a rebound.
10:36 of 2nd period - Brayden Point wins face-off versus Joe Pavelski in Avalanche zone.
10:47 of 2nd period - Snap shot by Ilya Mikheyev.
10:47 of 2nd period - Stopped by James Reimer with a rebound.
11:30 of 2nd period - Slapshot by Yakov Trenin.
11:30 of 2nd period - Stopped by Vitek Vanecek without a rebound.
11:31 of 2nd period - Patrice Bergeron wins face-off versus Brayden Point in Avalanche zone.
12:03 of 2nd period - Snap shot by Gustav Nyquist.
12:03 of 2nd period - Stopped by James Reimer with a rebound.
12:48 of 2nd period - Slapshot by Gustav Forsling.
12:48 of 2nd period - Stopped by James Reimer without a rebound.
12:49 of 2nd period - Joe Pavelski wins face-off versus Nino Niederreiter in Wild zone.
12:49 of 2nd period - Joe Pavelski is hit by Jake Sanderson.
13:20 of 2nd period - Snap shot by Gustav Forsling.
13:20 of 2nd period - Shot Blocked by Devon Toews.
13:22 of 2nd period - Slapshot by Gustav Forsling.
13:22 of 2nd period - Shot Misses the Net.
13:24 of 2nd period - Slapshot by Ivan Barbashev.
13:24 of 2nd period - Deflect By Josh Anderson.
13:24 of 2nd period - Shot Blocked by Brayden McNabb.
13:24 of 2nd period - Puck is out of play.
13:25 of 2nd period - Brayden Point wins face-off versus Adrian Kempe in Wild zone.
13:29 of 2nd period - Off-side.
13:30 of 2nd period - Brayden Point wins face-off versus William Nylander in neutral zone.
13:39 of 2nd period - Slapshot by Ilya Mikheyev.
13:39 of 2nd period - Stopped by James Reimer without a rebound.
13:40 of 2nd period - Adam Henrique wins face-off versus Patrice Bergeron in Wild zone.
14:28 of 2nd period - Slapshot by Kevin Stenlund.
14:28 of 2nd period - Shot Blocked by Nino Niederreiter.
14:34 of 2nd period - Jack Eichel is hit by Jake Sanderson.
14:50 of 2nd period - Mathieu Joseph is hit by Ryan Nugent-Hopkins.
15:00 of 2nd period - Slapshot by Brad Marchand.
15:00 of 2nd period - Shot Misses the Net.
15:02 of 2nd period - Snap shot by Brayden McNabb.
15:02 of 2nd period - Shot Blocked by Sean Durzi.
15:37 of 2nd period - Slapshot by Sean Durzi.
15:37 of 2nd period - Stopped by James Reimer without a rebound.
15:38 of 2nd period - Kevin Stenlund wins face-off versus Brayden Point in Wild zone.
17:08 of 2nd period - Snap shot by Brad Marchand.
17:08 of 2nd period - Shot Misses the Net.
17:10 of 2nd period - Slapshot by Brad Marchand.
17:10 of 2nd period - Stopped by Vitek Vanecek with a rebound.
17:12 of 2nd period - Snap shot by Patrice Bergeron.
17:12 of 2nd period - Stopped by Vitek Vanecek without a rebound.
17:13 of 2nd period - Kirill Marchenko wins face-off versus Nicolas Roy in Avalanche zone.
17:21 of 2nd period - Off-side.
17:22 of 2nd period - Nicolas Roy wins face-off versus Joe Pavelski in neutral zone.
17:41 of 2nd period - Backhand shot by Alex DeBrincat.
17:41 of 2nd period - Shot Misses the Net.
17:43 of 2nd period - Snap shot by Devon Toews.
17:43 of 2nd period - Shot Blocked by Sean Durzi.
17:45 of 2nd period - Snap shot by Kirill Marchenko.
17:45 of 2nd period - Shot Blocked by Ryan McDonagh.
17:47 of 2nd period - Wrist shot by Alex DeBrincat.
17:47 of 2nd period - Shot Blocked by Sean Durzi.
17:49 of 2nd period - Slapshot by Brandon Carlo.
17:49 of 2nd period - Shot Misses the Net.
17:51 of 2nd period - Wrist shot by Joe Pavelski.
17:51 of 2nd period - Deflect By Alex DeBrincat.
17:51 of 2nd period - Stopped by Vitek Vanecek without a rebound.
17:52 of 2nd period - Brayden Point wins face-off versus Elias Lindholm in Avalanche zone.
18:46 of 2nd period - Slapshot by Joe Pavelski.
18:46 of 2nd period - Shot Blocked by Samuel Girard.
18:48 of 2nd period - Wrist shot by Brandon Carlo.
18:48 of 2nd period - Stopped by Vitek Vanecek without a rebound.
18:49 of 2nd period - Elias Lindholm wins face-off versus Adam Henrique in Avalanche zone.
19:42 of 2nd period - Mario Ferraro is hit by Nicolas Roy and loses puck.
Goals for this period are 1 for Wild vs 1 for Avalanche.
Shots for this period are 19 for Wild vs 15 for Avalanche.

3rd period


0:01 of 3rd period - Elias Lindholm wins face-off versus Ivan Barbashev in neutral zone.
0:06 of 3rd period - Josh Anderson is hit by Devon Toews.
0:35 of 3rd period - Snap shot by Nino Niederreiter.
0:35 of 3rd period - Stopped by James Reimer with a rebound.
1:58 of 3rd period - Wrist shot by Zach Parise.
1:58 of 3rd period - Stopped by James Reimer with a rebound.
2:24 of 3rd period - Brayden Point is hit by Kirill Marchenko and loses puck.
2:45 of 3rd period - Snap shot by Yakov Trenin.
2:45 of 3rd period - Stopped by Vitek Vanecek without a rebound.
2:46 of 3rd period - Kevin Stenlund wins face-off versus Josh Anderson in Avalanche zone.
3:11 of 3rd period - Samuel Girard is hit by Jack Eichel and loses puck.
3:20 of 3rd period - Slapshot by Kevin Shattenkirk.
3:20 of 3rd period - Shot Misses the Net.
3:22 of 3rd period - Slapshot by Kevin Shattenkirk.
3:22 of 3rd period - Shot Blocked by Josh Anderson.
3:24 of 3rd period - Snap shot by Kevin Stenlund.
3:24 of 3rd period - Deflect By Jack Eichel.
3:24 of 3rd period - Goal by Jack Eichel - Wild : 3 - Avalanche : 3.
3:25 of 3rd period - Brayden Point wins face-off versus Elias Lindholm in neutral zone.
3:32 of 3rd period - Snap shot by William Nylander.
3:32 of 3rd period - Shot Misses the Net.
3:38 of 3rd period - Snap shot by William Nylander.
3:38 of 3rd period - Stopped by Vitek Vanecek with a rebound.
4:00 of 3rd period - Snap shot by Zach Parise.
4:00 of 3rd period - Shot Misses the Net.
4:18 of 3rd period - Adam Henrique is hit by Brandon Carlo and loses puck.
4:35 of 3rd period - Slapshot by Jack Eichel.
4:35 of 3rd period - Stopped by Vitek Vanecek without a rebound.
4:36 of 3rd period - Kevin Stenlund wins face-off versus Andrew Copp in Avalanche zone.
5:01 of 3rd period - Ryan McDonagh is hit by Adrian Kempe and loses puck.
6:03 of 3rd period - Slapshot by Brandon Carlo.
6:03 of 3rd period - Deflect By Alex DeBrincat.
6:03 of 3rd period - Shot Misses the Net.
6:03 of 3rd period - Puck is out of play.
6:04 of 3rd period - Elias Lindholm wins face-off versus Josh Anderson in Avalanche zone.
6:47 of 3rd period - Icing by Zach Parise.
6:48 of 3rd period - Kirill Marchenko wins face-off versus Nicolas Roy in Avalanche zone.
7:47 of 3rd period - Wrist shot by Elias Lindholm.
7:47 of 3rd period - Shot Misses the Net.
9:11 of 3rd period - Adrian Kempe is hit by Samuel Girard and loses puck.
9:54 of 3rd period - Wrist shot by Joe Pavelski.
9:54 of 3rd period - Shot Blocked by Samuel Girard.
9:56 of 3rd period - Snap shot by Ryan Nugent-Hopkins.
9:56 of 3rd period - Stopped by Vitek Vanecek with a rebound.
9:58 of 3rd period - Snap shot by Ryan Nugent-Hopkins.
9:58 of 3rd period - Shot Blocked by Samuel Girard.
10:22 of 3rd period - Snap shot by Jack Eichel.
10:22 of 3rd period - Stopped by Vitek Vanecek with a rebound.
10:24 of 3rd period - Snap shot by Kevin Stenlund.
10:24 of 3rd period - Stopped by Vitek Vanecek without a rebound.
10:25 of 3rd period - Joe Pavelski wins face-off versus Brayden Point in Avalanche zone.
11:36 of 3rd period - Mario Ferraro is hit by Eric Staal and loses puck.
11:42 of 3rd period - Off-side.
11:43 of 3rd period - Patrice Bergeron wins face-off versus Ilya Mikheyev in neutral zone.
12:11 of 3rd period - Wrist shot by Adam Henrique.
12:11 of 3rd period - Shot Misses the Net.
12:15 of 3rd period - Wrist shot by Ivan Barbashev.
12:15 of 3rd period - Stopped by James Reimer with a rebound.
12:17 of 3rd period - Snap shot by Adam Henrique.
12:17 of 3rd period - Shot Misses the Net.
13:38 of 3rd period - Wrist shot by Adam Henrique.
13:38 of 3rd period - Stopped by James Reimer with a rebound.
14:03 of 3rd period - Wrist shot by Gustav Nyquist.
14:03 of 3rd period - Stopped by James Reimer with a rebound.
14:05 of 3rd period - Wrist shot by Zach Parise.
14:05 of 3rd period - Shot Blocked by Mark Giordano.
14:07 of 3rd period - Slapshot by Jake Sanderson.
14:07 of 3rd period - Shot Blocked by Mark Giordano.
14:47 of 3rd period - Nino Niederreiter is hit by Patrice Bergeron and loses puck.
15:05 of 3rd period - Brayden Point is hit by Elias Lindholm and loses puck.
15:37 of 3rd period - Mark Giordano is hit by Gustav Nyquist and loses puck.
16:18 of 3rd period - Gustav Forsling is hit by William Nylander and loses puck.
16:50 of 3rd period - Snap shot by Alex DeBrincat.
16:50 of 3rd period - Stopped by Vitek Vanecek without a rebound.
16:51 of 3rd period - Patrice Bergeron wins face-off versus Brayden Point in Avalanche zone.
17:10 of 3rd period - Ilya Mikheyev is hit by Mark Giordano and loses puck.
18:05 of 3rd period - Sean Durzi is hit by Kevin Stenlund and loses puck.
19:26 of 3rd period - Mark Giordano is hit by Gustav Forsling and loses puck.
19:45 of 3rd period - Snap shot by Alex DeBrincat.
19:45 of 3rd period - Deflect By Adam Henrique.
19:45 of 3rd period - Shot Blocked by Jake Sanderson.
19:45 of 3rd period - Puck is out of play.
19:46 of 3rd period - Patrice Bergeron wins face-off versus Josh Anderson in Avalanche zone.
Goals for this period are 1 for Wild vs 0 for Avalanche.
Shots for this period are 8 for Wild vs 5 for Avalanche.

Overtime #1


0:01 of 1st overtime period - Patrice Bergeron wins face-off versus Brayden Point in neutral zone.
0:26 of 1st overtime period - William Nylander is hit by Josh Anderson and loses puck.
2:39 of 1st overtime period - Snap shot by Gustav Nyquist.
2:39 of 1st overtime period - Deflect By Alex DeBrincat.
2:39 of 1st overtime period - Stopped by James Reimer with a rebound.
2:41 of 1st overtime period - Slapshot by Ivan Barbashev.
2:41 of 1st overtime period - Shot Misses the Net.
2:43 of 1st overtime period - Snap shot by Ivan Barbashev.
2:43 of 1st overtime period - Deflect By Gustav Nyquist.
2:43 of 1st overtime period - Shot Blocked by Kevin Shattenkirk.
2:43 of 1st overtime period - Puck is out of play.
2:44 of 1st overtime period - Patrice Bergeron wins face-off versus Brayden Point in Wild zone.
3:55 of 1st overtime period - Andrew Copp is hit by Adrian Kempe and loses puck.
4:32 of 1st overtime period - Snap shot by Nicolas Roy.
4:32 of 1st overtime period - Shot Misses the Net.
4:54 of 1st overtime period - Icing by Zach Parise.
4:55 of 1st overtime period - Elias Lindholm wins face-off versus Nino Niederreiter in Avalanche zone.
Goals for this period are 0 for Wild vs 0 for Avalanche.
Shots for this period are 0 for Wild vs 1 for Avalanche.

ShootOut


5:00 of 1st overtime period - Round #1.
5:00 of 1st overtime period - Wild, Ryan Nugent-Hopkins.
5:00 of 1st overtime period - Wrist shot by Ryan Nugent-Hopkins.
5:00 of 1st overtime period - Goal by Ryan Nugent-Hopkins.
5:00 of 1st overtime period - Avalanche, Gustav Nyquist.
5:00 of 1st overtime period - Snap shot by Gustav Nyquist.
5:00 of 1st overtime period - Goal by Gustav Nyquist.
5:00 of 1st overtime period - Round #2.
5:00 of 1st overtime period - Wild, Patrice Bergeron.
5:00 of 1st overtime period - Deke by Patrice Bergeron.
5:00 of 1st overtime period - Stopped by Vitek Vanecek.
5:00 of 1st overtime period - Avalanche, Matt Roy.
5:00 of 1st overtime period - Snap shot by Matt Roy.
5:00 of 1st overtime period - Shot Misses the Net.
5:00 of 1st overtime period - Round #3.
5:00 of 1st overtime period - Wild, William Nylander.
5:00 of 1st overtime period - Deke by William Nylander.
5:00 of 1st overtime period - Shot Misses the Net.
5:00 of 1st overtime period - Avalanche, Mathieu Joseph.
5:00 of 1st overtime period - Wrist shot by Mathieu Joseph.
5:00 of 1st overtime period - Stopped by James Reimer.
5:00 of 1st overtime period - Round #4.
5:00 of 1st overtime period - Wild, Brad Marchand.
5:00 of 1st overtime period - Deke by Brad Marchand.
5:00 of 1st overtime period - Stopped by Vitek Vanecek.
5:00 of 1st overtime period - Avalanche, Zach Parise.
5:00 of 1st overtime period - Deke by Zach Parise.
5:00 of 1st overtime period - Goal by Zach Parise.




Output by the SimonT Hockey Simulator (STHS) for Eric Tremblay - Original Page W3C HTML5 Valid
Hockey Simulator - Hockey Simulation - Hockey Manager